 Dungeon Crawl Stone Soup version 0.25-a0-84-g11f2770c52 (webtiles) character file.

Game seed: 10615903480713398869, levelgen mode: deterministic

207 Flugkiller the Ducker (level 5, -1/32 HPs)
             Began as a Deep Elf Abyssal Knight on Nov 7, 2019.
             Was a Believer of Lugonu.
             Killed by nerve-wracking pain
             ... invoked by an orc priest
              (7 damage)
             ... on level 4 of the Dungeon.
             The game lasted 00:10:22 (5522 turns).

Flugkiller the Ducker (Deep Elf Abyssal Knight)     Turns: 5522, Time: 00:10:23

Health: -1/32      AC:  4    Str:  9    XL:     5   Next: 54%
Magic:  8/8        EV: 20    Int: 22    God:    Lugonu [**....]
Gold:   160        SH:  0    Dex: 20    Spells: 4/4 levels left

rFire    . . .     SeeInvis .   a - +1 short sword
rCold    + . .     Gourm    .   (no shield)
rNeg     . . .     Faith    .   q - +0 leather armour {rC+}
rPois    .         Spirit   .   o - +0 helmet
rElec    .         Reflect  .   (no cloak)
rCorr    .         Harm     .   (no gloves)
MR       .....                  (no boots)
Stlth    ++++......             (no amulet)
HPRegen  0.10/turn              d - ring of stealth
MPRegen  0.11/turn              (no ring)

@: brilliant, agile, hasted, very quick
A: no striking features
a: Depart the Abyss, Bend Space, Renounce Religion


You were on level 4 of the Dungeon.
You worshipped Lugonu.
Lugonu was pleased with you.
You were not hungry.

You visited 1 branch of the dungeon, and saw 4 of its levels.
You visited the Abyss 1 time.

You collected 160 gold pieces.

Inventory:

Hand Weapons
 a - a +1 short sword (weapon)
Missiles
 n - 114 stones
 s - 9 poisoned darts (quivered)
Armour
 b - a +0 leather armour
 o - a +0 helmet (worn)
   (You took it off Robin on level 2 of the Dungeon)
 q - a +0 leather armour of cold resistance (worn)
   (You took it off an orc on level 3 of the Dungeon)
Magical Staves
 m - an uncursed staff of poison {unknown}
   (You found it on level 2 of the Dungeon)
Jewellery
 d - a ring of stealth (left hand)
   (You took it off a kobold on level 2 of the Dungeon)
Scrolls
 e - 2 scrolls of remove curse
 f - 2 scrolls of teleportation
 g - 2 scrolls of fog {unknown}
 i - a scroll of enchant armour {unknown}
 k - a scroll of identify {unknown}
 r - a scroll of magic mapping {unknown}
Potions
 h - a potion of agility
Comestibles
 c - 13 rations
 p - a chunk of flesh


   Skills:
 + Level 3.0 Fighting
 - Level 4.0 Short Blades
 - Level 0.7 Armour
 - Level 5.0 Dodging
 - Level 2.0 Invocations


You had 4 spell levels left.
You didn't know any spells.
Your spell library was empty.

Dungeon Overview and Level Annotations

Branches:
Dungeon (4/15)
 Temple: D:4-7

Altars:
Ashenzari
Kikubaaqudgha
Okawaru
Trog
Xom
Yredelemnul

Annotations:
D:4 exclusion: phantom


Message History

An orc wizard comes into view. It is wielding a +0 dagger of venom.
Quiver which item? (- for none, * to show all) (? for menu, Esc to quit)
Quivering
s - 12 poisoned darts for throwing.
Throwing (i - inventory. (/) - cycle)
s - 12 poisoned darts (quivered)
Press: ? - help, Shift-Dir - straight line, f - orc priest
Aim: an orc priest, wielding a +0 mace (hasn't noticed you)
You throw a poisoned dart. The poisoned dart hits the orc priest.
The orc priest is poisoned.
The orc priest shouts!
The orc wizard shouts!
You hear a shout!
Unknown command.
Throwing (i - inventory. (/) - cycle)
s - 11 poisoned darts (quivered)
Press: ? - help, Shift-Dir - straight line, f/p - orc priest
Aim: an orc priest, wielding a +0 mace (lightly wounded)
You throw a poisoned dart. The poisoned dart hits the orc priest.
The orc priest is poisoned.
The orc priest is lightly wounded.
The orc wizard casts a spell.
The orc wizard seems to speed up.
The orc priest invokes the aid of Beogh against you.
Beogh smites you!
Throwing (i - inventory. (/) - cycle)
s - 10 poisoned darts (quivered)
Press: ? - help, Shift-Dir - straight line, f/p - orc priest
Aim: an orc priest, wielding a +0 mace (moderately wounded, poisoned)
You throw a poisoned dart.
The poisoned dart barely misses the orc priest.
The orc wizard casts a spell at you. The magic dart hits you.
Things that are here:
a +0 short sword; a falchion; an orc skeleton The orc wizard miscasts a cantrip.
The orc priest invokes the aid of Beogh against you.
Beogh smites you!
* * * LOW HITPOINT WARNING * * *
The orc priest miscasts a cantrip.
Unknown command.
It was a potion of agility.
You feel agile all of a sudden.
As you read the scroll of fear, it crumbles to dust.
You assume a fearsome visage.
The orc wizard looks frightened!
The orc wizard gestures wildly while chanting.
The orc wizard flickers and vanishes!
Deactivating autopickup; reactivate with Ctrl-A.
Unknown command.
It was a potion of brilliance.
You feel clever all of a sudden.
The orc priest looks braver for a moment.
It was a potion of haste.
You feel yourself speed up.
The orc priest mumbles some strange prayers to Beogh against you.
Pain shoots through your body!
You die...

###...........# #..#
##..........# #..# ##.........#
#..## ### ##......### ##..###<.
#..##### #....... #....###
#.....## #..o...### ##..####
##..#.....######..######
###.o.###@....##..........
##....)#####...............
###.....o.# #......<......
##.........# #.............
##........o.# ##............
##...........# #............
#............# ##...........
#..........(## ##..........
##...........###########.........


You could see an orc priest.

Vanquished Creatures
  A centaur skeleton (D:3)
  A bullfrog skeleton (D:4)
  Robin (D:2)
  3 adders
  5 worms
  A dart slug (D:3)
  11 orcs
  2 ball pythons
  5 bats
  3 giant cockroaches
  16 goblins
  7 hobgoblins
  9 jackals
  A quokka (D:3)
  2 frilled lizards (D:2)
  9 kobolds
  5 rats
82 creatures vanquished.

Vanquished Creatures (others)
  5 dream sheep (D:4)
5 creatures vanquished.

Grand Total: 87 creatures vanquished

Notes
Turn   | Place    | Note
-------+----------+-------------------------------------------
     0 | Abyss:1  | Flugkiller the Deep Elf Abyssal Knight began the quest for
                  | the Orb.
     0 | Abyss:1  | Reached XP level 1. HP: 13/13 MP: 4/4
    49 | D:1      | Escaped the Abyss
   904 | D:1      | Reached XP level 2. HP: 13/18 MP: 5/5
  1907 | D:2      | Reached XP level 3. HP: 19/22 MP: 6/6
  2078 | D:2      | Reached ** piety under Lugonu
  2120 | D:2      | Noticed Robin
  2300 | D:2      | Found a basalt altar of Yredelemnul.
  2385 | D:2      | Found an ancient bone altar of Kikubaaqudgha.
  2991 | D:1      | Reached XP level 4. HP: 23/27 MP: 7/7
  3096 | D:2      | Killed Robin
  3650 | D:3      | Reached skill level 3 in Dodging
  4002 | D:3      | Reached XP level 5. HP: 21/32 MP: 8/8
  4163 | D:3      | Reached skill level 4 in Dodging
  4523 | D:3      | Found a shattered altar of Ashenzari.
  4569 | D:3      | Found an iron altar of Okawaru.
  4927 | D:4      | Noticed a phantom
  4938 | D:4      | Found a bloodstained altar of Trog.
  4954 | D:4      | Noticed a dream sheep
  4954 | D:4      | Noticed a dream sheep
  4954 | D:4      | Noticed a dream sheep
  4954 | D:4      | Noticed a dream sheep
  4954 | D:4      | Noticed a dream sheep
  4954 | D:4      | Found a shimmering altar of Xom.
  4960 | D:4      | Killed a dream sheep
  4960 | D:4      | Killed a dream sheep
  4960 | D:4      | Killed a dream sheep
  4961 | D:4      | Killed a dream sheep
  4961 | D:4      | Killed a dream sheep
  5437 | D:4      | Reached skill level 5 in Dodging
  5522 | D:4      | Killed from afar by an orc priest

Levels and vault maps discovered:
D:1:      ncdulo_wetmaze, layout_basic
D:2:      layout_rooms, kiku_gazebo_pond_becter, overflow_temple_1_default,
          first_ration, uniq_robin
D:3:      layout_rooms, lemuel_round_altar, okawaru_ov_weapons_minmay
D:4:      layout_cave_pods, kennysheep_mini, kb_xom_exploding_sheep,
          minmay_strange_pillars

Skill      XL: |  1  2  3  4  5 |
---------------+----------------+-----
Short Blades   | 3 4 |  4.0
Fighting       | 3 |  3.0
Dodging        | 3 5 |  5.0
Armour         | |  0.7
Invocations    | |  2.0

Action                   |  1- 3 |  4- 6 || total
-------------------------+-------+-------++-------
Melee: Short sword       |   175 |   187 ||   362
Throw: Stone             |       |    34 ||    34
       Dart              |       |     3 ||     3
  Use: Scroll            |     3 |     1 ||     4
       Potion            |     2 |     3 ||     5
 Stab: Sleeping          |       |     1 ||     1
  Eat: Chunk             |     6 |     9 ||    15
Armor: Leather armour    |     7 |     6 ||    13
       Ring mail         |    40 |    41 ||    81
Dodge: Dodged            |   119 |   111 ||   230

Table legend:
 A = Non-vault XP
 B = Vault XP
 C = Vault XP percentage of total XP
 D = Non-vault monster count
 E = Vault monster count
 F = Vault count percentage of total count
                 A         B        C        D         E       F
            +---------+---------+-------+---------+---------+-------
      Total |     258 |      39 |  13.1 |      69 |      13 |  15.9
            +---------+---------+-------+---------+---------+-------
        D:1 |      30 |       8 |  21.1 |      19 |       4 |  17.4
        D:2 |      72 |      31 |  30.1 |      22 |       9 |  29.0
        D:3 |     107 |       0 |   0.0 |      24 |       0 |   0.0
        D:4 |      49 |       0 |   0.0 |       4 |       0 |   0.0
            +---------+---------+-------+---------+---------+-------
